 Dungeon Crawl Stone Soup version 0.27.1-33-g824d729ab1 (webtiles) character file.

Game seed: 2475061342397524307

184 zeram the Grave Robber (level 5, -1/37 HPs)
             Began as a Gnoll Necromancer on Dec 20, 2021.
             Slain by Pikel (10 damage)
             ... while paralysed by Pikel
             ... on level 4 of the Dungeon.
             The game lasted 00:07:31 (3713 turns).

zeram the Grave Robber (Gnoll Necromancer)          Turns: 3713, Time: 00:07:32

Health: -1/37      AC:  5    Str:  8    XL:     5   Next: 63%
Magic:  1/12       EV:  2    Int: 15    God:
Gold:   523        SH:  0    Dex: 12    Spells: 3/14 levels left

rFire    . . .     SeeInvis .   e - +2 short sword (speed)
rCold    . . .     Faith    .   (no shield)
rNeg     . . .     Spirit   .   a - +0 robe
rPois    .         Reflect  .   k - +1 helmet
rElec    .         Harm     .   (no cloak)
rCorr    .         Rampage  .   c - +0 pair of gloves
Will     .....                  (no boots)
Stlth    +++.......             (no amulet)
HPRegen  0.12/turn              (no ring)
MPRegen  0.13/turn              (no ring)

@: paralysed
A: fangs 1, strong nose, distributed training
a: no special abilities


You were on level 4 of the Dungeon.
You visited 1 branch of the dungeon, and saw 4 of its levels.

You collected 523 gold pieces.

Inventory:

Hand Weapons
 b - a +0 mace
 e - a +2 short sword of speed (weapon)
 j - a +1 war axe of electrocution
Armour
 a - a +0 robe (worn)
 c - a +0 pair of gloves (worn)
 k - a +1 helmet (worn)
Wands
 n - a wand of digging (7)
Scrolls
 g - a scroll of summoning
Potions
 d - 2 potions of curing
 f - a potion of heal wounds {unknown}
 h - 2 potions of flight
 i - a potion of mutation {unknown}


   Skills:
 + Level 1.6 Fighting
 + Level 1.6 Short Blades
 + Level 1.6 Long Blades
 + Level 1.6 Axes
 + Level 1.6 Maces & Flails
 + Level 1.6 Polearms
 + Level 1.6 Staves
 + Level 1.6 Slings
 + Level 1.6 Bows
 + Level 1.6 Crossbows
 + Level 1.6 Throwing
 + Level 1.6 Armour
 + Level 4.8 Dodging
 + Level 4.4 Stealth
 + Level 1.6 Shields
 + Level 1.6 Unarmed Combat
 + Level 5.2 Spellcasting
 + Level 1.2 Conjurations
 + Level 1.2 Hexes
 + Level 1.2 Summonings
 + Level 7.2 Necromancy
 + Level 1.2 Translocations
 + Level 1.2 Transmutations
 + Level 1.2 Fire Magic
 + Level 1.2 Ice Magic
 + Level 1.2 Air Magic
 + Level 1.2 Earth Magic
 + Level 1.2 Poison Magic
 + Level 1.8 Invocations
 + Level 1.6 Evocations


You had 3 spell levels left.
You knew the following spells:

 Your Spells              Type           Power      Damage    Failure   Level
a - Pain                  Necr           100%       1d9       1%          1
b - Vampiric Draining     Necr           12%        2d7       2%          3
c - Ensorcelled Hibernat  Hex/Ice        14%        N/A       14%         2
d - Tukima's Dance        Hex            7%         N/A       28%         3
e - Searing Ray           Conj           14%        3d3       14%         2

Your spell library contained the following spells:

 Spells                   Type           Power      Damage    Failure   Level
 Animate Skeleton         Necr           50%        N/A       1%          1
 Corona                   Hex            7%         N/A       10%         1
 Magic Dart               Conj           28%        1d4       10%         1
 Animate Dead             Necr           12%        N/A       9%          4
 Agony                    Necr           25%        N/A       22%         5
 Fulminant Prism          Conj/Hex       3%         3d6       67%         4


Dungeon Overview and Level Annotations

Branches:
Dungeon (4/15)
 Temple: D:4-7

Altars:
Uskayaw

Annotations:
D:1 1 runed translucent door
D:3 2 transporters, jlumianski's ghost, amateur GrMo
D:4 Pikel


Innate Abilities, Weirdness & Mutations

You have very sharp teeth.
Your uncanny sense of smell can sniff out nearby items.
Your experience applies equally to all skills.


Message History

The searing ray hits the lemure.
The lemure is lightly wounded.
Pikel hits you with a +0 whip of flaming!
Pikel burns you.
The searing ray misses Pikel.
The searing ray hits the lemure.
The lemure is moderately wounded.
You finish channeling your searing ray.
Pikel hits you with a +0 whip of flaming.
Pikel burns you.
Casting: Searing Ray (safe; 14% risk of failure)
Confirm with . or Enter, or press ? or * to list all spells.
Aiming: Vampiric Draining (dangerous; 2% risk of failure)
Press: ? - help, Shift-Dir - straight line, f/p - Pikel
Aim: Pikel, wielding a +0 whip of flaming, wearing a +0 robe and carrying a wand of paralysis (2) (lightly wounded)
You draw life force from Pikel!
You feel life coursing into your body.
Pikel hits you with a +0 whip of flaming.
Pikel burns you.
Casting: Vampiric Draining (dangerous; 2% risk of failure)
Confirm with . or Enter, or press ? or * to list all spells.
Aiming: Vampiric Draining (dangerous; 2% risk of failure)
Press: ? - help, Shift-Dir - straight line, f/p - Pikel
Aim: Pikel, wielding a +0 whip of flaming, wearing a +0 robe and carrying a wand of paralysis (2) (moderately wounded)
You draw life force from Pikel!
You feel life coursing into your body.
Pikel cracks his whip.
Pikel barely misses you.
Casting: Vampiric Draining (dangerous; 2% risk of failure)
Confirm with . or Enter, or press ? or * to list all spells.
Aiming: Pain (safe; 1% risk of failure)
Press: ? - help, Shift-Dir - straight line, f/p - Pikel
Aim: Pikel, wielding a +0 whip of flaming, wearing a +0 robe and carrying a wand of paralysis (2) (severely wounded, chance to affect: 84%) Pikel writhes in agony.
Pikel zaps a wand.
You resist with some effort.
Pikel zaps a wand.
You suddenly lose the ability to move!
The now-empty wand crumbles to dust.
Pikel hits you but does no damage.
Pikel hits you with a +0 whip of flaming!
Pikel burns you.
* * * LOW HITPOINT WARNING * * *
The lemure hits you but does no damage.
Pikel hits you with a +0 whip of flaming!
You die...

.........##+###+#####.
#######................
..... #...............
..... #...............
#.###.#...............
#+###.##...........###
.......#...........#
.......#...........#
.......#........@..+
...##..#........K55#
...# #+##########5##
#..# .....# ..#
#..##.....# ...#
#....))...# ....+
#..##......# ##...#
#### +###### #####


You could see Pikel and 3 lemures.

Vanquished Creatures
  An orc priest (D:3)
  A gnoll shaman (D:3)
  2 adders
  5 gnolls
  2 dart slugs
  2 orcs (D:3)
  5 bats
  4 endoplasms
  4 giant cockroaches
  5 goblins
  3 hobgoblins
  5 kobolds
  3 quokkas
  8 ball pythons
  2 frilled lizards
  5 rats
57 creatures vanquished.

Notes
Turn   | Place    | Note
-------+----------+-------------------------------------------
     0 | D:1      | zeram the Gnoll Necromancer began the quest for the Orb.
     0 | D:1      | Reached XP level 1. HP: 13/13 MP: 6/6
     0 | D:1      | Noticed a jelly
     1 | D:1      | Found a runed translucent door.
   370 | D:1      | You fall into a shaft and drop 1 floor!
   379 | D:1      | Reached XP level 2. HP: 17/19 MP: 5/7
   670 | D:1      | Reached XP level 3. HP: 24/25 MP: 7/9
   674 | D:1      | Learned a level 3 spell: Vampiric Draining
   729 | D:1      | Reached skill level 5 in Spellcasting
  1344 | D:1      | Reached skill level 1 in Invocations
  1431 | D:2      | Reached skill level 1 in Fighting
  1431 | D:2      | Reached skill level 1 in Short Blades
  1431 | D:2      | Reached skill level 1 in Long Blades
  1431 | D:2      | Reached skill level 1 in Axes
  1431 | D:2      | Reached skill level 1 in Maces & Flails
  1431 | D:2      | Reached skill level 1 in Polearms
  1431 | D:2      | Reached skill level 1 in Staves
  1431 | D:2      | Reached skill level 1 in Slings
  1431 | D:2      | Reached skill level 1 in Bows
  1431 | D:2      | Reached skill level 1 in Crossbows
  1431 | D:2      | Reached skill level 1 in Throwing
  1431 | D:2      | Reached skill level 1 in Armour
  1431 | D:2      | Reached skill level 1 in Shields
  1431 | D:2      | Reached skill level 1 in Unarmed Combat
  1431 | D:2      | Reached skill level 1 in Evocations
  1434 | D:2      | Reached XP level 4. HP: 24/32 MP: 2/11
  1546 | D:2      | Learned a level 2 spell: Ensorcelled Hibernation
  1550 | D:2      | Learned a level 3 spell: Tukima's Dance
  1553 | D:2      | Learned a level 2 spell: Searing Ray
  2146 | D:3      | Reached skill level 1 in Conjurations
  2146 | D:3      | Reached skill level 1 in Hexes
  2146 | D:3      | Reached skill level 1 in Summonings
  2146 | D:3      | Reached skill level 1 in Translocations
  2146 | D:3      | Reached skill level 1 in Transmutations
  2146 | D:3      | Reached skill level 1 in Fire Magic
  2146 | D:3      | Reached skill level 1 in Ice Magic
  2146 | D:3      | Reached skill level 1 in Air Magic
  2146 | D:3      | Reached skill level 1 in Earth Magic
  2146 | D:3      | Reached skill level 1 in Poison Magic
  2484 | D:3      | Found a hide-covered altar of Uskayaw.
  2601 | D:3      | Found a transporter.
  2758 | D:3      | Noticed an ogre
  2760 | D:3      | Noticed jlumianski's ghost (amateur GrMo)
  2824 | D:3      | Identified the +6 dire flail of Abuse {speed, rPois rN+}
  2824 | D:3      | Noticed an ogre
  2828 | D:3      | Found a transporter.
  2930 | D:3      | Found a faded altar of an unknown god.
  3030 | D:3      | Identified a scroll of acquirement
  3030 | D:3      | Acquired 348 gold pieces
  3059 | D:4      | Reached XP level 5. HP: 33/37 MP: 9/12
  3701 | D:4      | Noticed Pikel
  3701 | D:4      | Noticed a lemure
  3701 | D:4      | Noticed a lemure
  3701 | D:4      | Noticed a lemure
  3703 | D:4      | Noticed a lemure
  3709 | D:4      | Paralysed by Pikel for 6 turns
  3713 | D:4      | Slain by Pikel

Illustrated notes

Levels and vault maps discovered:
D:1:      dpeg_arrival_caged_fury, layout_loops_corners
D:2:      layout_basic
D:3:      layout_basic, lemuel_doored_altar, gammafunk_ghost_smash,
          shapermc_ecumenical_altar_mp_ritualfount, chequers_serial_rivers_marsh
D:4:      layout_gridville, uniq_menkaure, uniq_pikel, uniq_grinder

Skill      XL: |  1  2  3  4 |
---------------+-------------+-----
Spellcasting   | 5 |  5.2
Invocations    | 1 |  1.8
Fighting       | 1 |  1.6
Short Blades   | 1 |  1.6
Long Blades    | 1 |  1.6
Axes           | 1 |  1.6
Maces & Flails | 1 |  1.6
Polearms       | 1 |  1.6
Staves         | 1 |  1.6
Slings         | 1 |  1.6
Bows           | 1 |  1.6
Crossbows      | 1 |  1.6
Throwing       | 1 |  1.6
Armour         | 1 |  1.6
Shields        | 1 |  1.6
Unarmed Combat | 1 |  1.6
Evocations     | 1 |  1.6
Conjurations   | 1 |  1.2
Hexes          | 1 |  1.2
Summonings     | 1 |  1.2
Translocations | 1 |  1.2
Transmutations | 1 |  1.2
Fire Magic     | 1 |  1.2
Ice Magic      | 1 |  1.2
Air Magic      | 1 |  1.2
Earth Magic    | 1 |  1.2
Poison Magic   | 1 |  1.2
Dodging        | |  4.8
Stealth        | |  4.4
Necromancy     | |  7.2

Action                   |  1- 3 |  4- 6 || total
-------------------------+-------+-------++-------
Melee: Mace              |     2 |       ||     2
       Unarmed           |     1 |       ||     1
       Short sword       |    14 |    33 ||    47
       Bite              |       |     2 ||     2
 Cast: Pain              |    40 |    19 ||    59
       Searing Ray       |       |     5 ||     5
       Vampiric Draining |       |     4 ||     4
  Use: Scroll            |     2 |     4 ||     6
 Stab: Sleeping          |     8 |     4 ||    12
Armor: Robe              |     3 |    17 ||    20
Dodge: Dodged            |    23 |    46 ||    69
